 Dungeon Crawl Stone Soup version 0.30.1 (webtiles) character file.

Game seed: 17141366270120276059

790 Graphine the Changer (level 7, -3/91 HPs)
             Began as a Naga Transmuter on July 6, 2023.
             Was an Initiate of Ashenzari.
             Slain by a water moccasin (6 damage)
             ... on level 6 of the Dungeon.
             The game lasted 00:17:09 (5685 turns).

Graphine the Changer (Naga Transmuter)              Turns: 5685, Time: 00:17:10

Health: -3/91      AC: 23    Str: 13    XL:     7   Next: 87%
Magic:  11/11      EV:  1    Int: 15    God:    Ashenzari [......]
Gold:   275        SH:  0    Dex: 11    Spells: 2/12 levels left

rFire   . .          .
                       - Unarmed
rCold   . . .        (no shield)
rNeg    . . .        k - melded +3 leather armour
rPois   +            (helmet currently unavailable)
rElec   .            r - melded +0 cloak
rCorr   .            g - melded +0 pair of gloves
SInv    +            (no barding)
Will    .....        l - amulet of the Ensconced Moon {RegenMP, Cun, Alch} (curse)
Stlth   +            (no ring)
HPRegen 0.35/turn    (no ring)
MPRegen 0.52/turn

%: no passive effects
@: lethally poisoned (-3 -> -4), tree-form, wereblooded
A: stationary, stasis, torment immunity, boosted hp, AC +2, large, see
invisible, (deformed body), (poison resistance), (slowness 2), spit poison 1,
(naga tail 1)
a: Spit Poison, Renounce Religion, Curse Item, Shatter the Chains


You were on level 6 of the Dungeon.
You worshipped Ashenzari.
Ashenzari was noncommittal.
You were a tree.
You visited 2 branches of the dungeon, and saw 7 of its levels.

You collected 275 gold pieces.

Inventory:

Armour
 a - a +0 robe
 g - a +0 pair of gloves (melded)
 k - a +3 leather armour (melded)
 o - a scarf of harm
 r - a +0 cloak (melded)
Jewellery
 j - an amulet of regeneration
 l - the cursed amulet of the Ensconced Moon (around neck) {RegenMP, Cun, Alch}
   (You found it on level 3 of the Dungeon)

   [amulet of magic regeneration]

   It increases your rate of magic regeneration.
   It has a curse which improves the following skills: Cunning: Dodging and
   Stealth.
   Alchemy:   Poison Magic and Transmutations.
Wands
 h - a wand of roots (16)
Scrolls
 e - 2 scrolls of identify
 q - a scroll of fear
Potions
 c - a potion of flight
 f - a potion of attraction
 i - 2 potions of mutation
 p - a potion of brilliance


   Skills:
 + Level 2.9 Fighting
 - Level 1.0 Armour
 + Level 2.8(3.1) Dodging
 + Level 4.2 Unarmed Combat
 + Level 3.2 Spellcasting
 * Level 4.8(5.2) Transmutations
 * Level 3.4 Ice Magic


You had 2 spell levels left.
You knew the following spells:

 Your Spells              Type           Power      Damage    Failure   Level
a - Beastly Appendage     Tmut           36%        N/A       2%          1
b - Wereblood             Tmut           18%        N/A       3%          2
c - Frozen Ramparts       Ice            24%        1d4       14%         3
d - Ice Form              Ice/Tmut       15%        N/A       32%         4

Your spell library contained the following spells:

 Spells                   Type           Power      Damage    Failure   Level
 Freeze                   Ice            48%        1d6       4%          1
 Foxfire                  Conj/Fire      8%         2x1d4     21%         1
 Spider Form              Tmut/Pois      10%        N/A       21%         3
 Hailstorm                Conj/Ice       7%         3d4       28%         3
 Dazzling Flash           Conj/Hex       4%         N/A       52%         3
 Tukima's Dance           Hex            2%         N/A       52%         3
 Volatile Blastmotes      Fire/Tloc      4%         2d10      52%         3
 Yara's Violent Unravell  Hex/Tmut       5%         3d4       88%         5
 Iskenderun's Mystic Bla  Conj/Tloc      2%         2d3       89%         4
 Passage of Golubria      Tloc           2%         N/A       89%         4
 Fireball                 Conj/Fire      1%         3d3       99%         5
 Plasma Beam              Fire/Air       1%         2x1d12    100%        6
 Starburst                Conj/Fire      1%         6d3       100%        6
 Malign Gateway           Summ/Tloc      1%         N/A       100%        7
 Summon Horrible Things   Summ           1%         N/A       100%        8


Dungeon Overview and Level Annotations

Branches:
Dungeon (6/15)             Temple (1/1) D:4

Altars:
Ashenzari
Cheibriados
Fedhas
Hepliaklqana
Nemelex Xobeh
Okawaru
Qazlal
Sif Muna
Trog
Uskayaw
Wu Jian
Yredelemnul
The Shining One

Annotations:
D:6 Edmund


Innate Abilities, Weirdness & Mutations

You are a tree.
Your roots penetrate the ground, keeping you stationary.
You cannot be teleported.
You are immune to unholy pain and torment.
Your maximum health is greatly increased.
Your equipment is partially melded.
((Your serpentine skin is tough. (AC +2)))
You have supernaturally acute eyesight. (SInv)
((Armour fits poorly on your strangely shaped body.))
((Your system is resistant to poisons. (rPois)))
((You cover ground very slowly.))
You can spit poison.
((You have a snake-like lower body.))


Message History

The roots erupt in riotous growth!
The orc warrior is unaffected.
Roots grab the wight.
The water moccasin is unaffected.
Your transformation is almost over.
The grasping roots constrict the water moccasin.
The grasping roots constrict the orc warrior!
The grasping roots constrict the wight.
You feel sick.
The roots release their grip on the water moccasin.
The roots release their grip on the orc warrior.
The wight struggles to escape constriction.
The water moccasin bites you.
* * * LOW HITPOINT WARNING * * *
Really quaff the potion of lignification?
Your horns disappear.
You turn into a tree.
Your +0 cloak melds into your body.
Your +0 pair of gloves melds into your body.
Your +3 leather armour melds into your body.
Your roots penetrate the ground.
The grasping roots constrict the wight.
You feel sick.
The roots release their grip on the wight.
An adder comes into view.
Edmund the Younger comes into view.
He is wielding a +5 heavy flail.
The water moccasin bites you!
* * * LOW HITPOINT WARNING * * *
The orc warrior shoots a bolt.
The bolt hits you but does no damage.
Okay, then.
The adder hisses angrily.
You hit the water moccasin.
The water moccasin is heavily wounded.
You feel sick. The water moccasin bites you.
* * * LOW HITPOINT WARNING * * *
A wight comes into view. It is wielding a +3 morningstar.
The orc warrior shoots a bolt.
The bolt hits you but does no damage.
Aiming: Fastroot
Press: ? - help, Shift-Dir - straight line, p - wight The roots erupt in riotous growth!
Roots grab the water moccasin.
The grasping roots constrict the water moccasin!
You feel sick. The water moccasin bites you.
You die...

.z. ). #... ##S#
##.... ##...
#...... ##....#
##.......
#..@.zo##5......(
#..S†.........
#..♣.........
#..#.........
##.##<.##.... ..
#.## . ... ..#
..##...# #......
.#. ##..# .......
###. ##.# ...#.#
#.#


You could see Edmund, an orc warrior, a water moccasin (rooted), 2 wights, an
adder and an ufetubus.

Vanquished Creatures
  A yak (D:4)
  A water moccasin (D:6)
  An ogre (D:5)
  A phantom (D:4)
  A scorpion (D:5)
  2 gnoll boudas (D:5)
  Natasha (twice) (D:2)
  8 gnolls (D:5)
  7 adders
  4 dart slugs
  3 orcs
  4 endoplasms
  2 giant cockroaches
  8 goblins
  2 hobgoblins (D:1)
  10 kobolds
  6 quokkas
  8 ball pythons
  3 bats
  6 frilled lizards
  6 rats
86 creatures vanquished.

Notes
Turn   | Place    | Note
-------+----------+-------------------------------------------
     0 | D:1      | Graphine the Naga Transmuter began the quest for the Orb.
     0 | D:1      | Reached XP level 1. HP: 18/18 MP: 3/3
   204 | D:1      | Reached XP level 2. HP: 25/25 MP: 3/5
   758 | D:1      | Reached XP level 3. HP: 27/31 MP: 4/6
   907 | D:1      | Found a faded altar of an unknown god.
   962 | D:1      | Learned a level 2 spell: Wereblood
  1704 | D:2      | Reached XP level 4. HP: 39/39 MP: 7/7
  1706 | D:2      | Noticed Natasha
  1721 | D:2      | Killed Natasha
  1941 | D:2      | Noticed Natasha
  1952 | D:2      | Killed Natasha
  2340 | D:3      | Reached skill level 1 in Ice Magic
  2402 | D:3      | Reached XP level 5. HP: 43/45 MP: 2/8
  2527 | D:3      | Learned a level 3 spell: Frozen Ramparts
  2858 | D:3      | Identified a scroll of acquirement
  2858 | D:3      | Acquired a book of Fire
  2878 | D:4      | Found a staircase to the Ecumenical Temple.
  2931 | Temple   | Entered the Ecumenical Temple
  2965 | Temple   | Became a worshipper of Ashenzari the Shackled
  3055 | D:4      | Noticed a phantom
  3080 | D:4      | Killed a phantom
  3225 | D:4      | Found a blossoming altar of Fedhas.
  3255 | D:4      | Found a basalt altar of Yredelemnul.
  3544 | D:4      | Reached XP level 6. HP: 39/52 MP: 9/9
  3597 | D:4      | Learned a level 4 spell: Ice Form
  3970 | D:5      | Entered Level 5 of the Dungeon
  4136 | D:5      | Found a hazy altar of Hepliaklqana.
  4577 | D:5      | Reached XP level 7. HP: 15/61 MP: 11/11
  4828 | D:5      | Noticed a yak
  4848 | D:4      | HP: 3/61 [yak (10)]
  4855 | D:4      | Killed a yak
  4856 | D:4      | Reached skill level 1 in Armour
  5222 | D:5      | Found a bloodstained altar of Trog.
  5683 | D:6      | Noticed Edmund
  5684 | D:6      | HP: 4/91 [water moccasin (2)]
  5685 | D:6      | Slain by a water moccasin

Illustrated notes

Levels and vault maps discovered:
D:1:      tarquinn_simple_flora_water_e, layout_basic,
          shapermc_ecumenical_altar_totnotflames
D:2:      layout_basic, uniq_natasha
D:3:      layout_rooms
D:4:      layout_gridville, mainiacjoe_overflow_alcove_2,
          mainiacjoe_overflow_alcove_1, minmay_temple_entry_junction,
          minmay_door_square
D:5:      layout_loops_corners, bloody_trog, nicolae_hepliaklqana_hazy_memory,
          kennysheep_generic_room_11
D:6:      layout_cave_pools, hangedman_ru_absence,
          gammafunk_temple_overflow_pools, serial_shops, shop, uniq_edmund,
          uniq_menkaure, uniq_crazy_yiuf_cottage
Temple:   nicolae_temple_cloud_nine

Skill      XL: |  1  2  3  4  5  6  7 |
---------------+----------------------+-----
Transmutations | 3 4 |  4.8
Dodging        | 2 |  2.8
Ice Magic      | 1 2 3 |  3.4
Fighting       | 2 |  2.9
Unarmed Combat | 4 |  4.2
Spellcasting   | 3 |  3.2
Armour         | 1 |  1.0

Action                     |  1- 3 |  4- 6 |  7- 9 || total
---------------------------+-------+-------+-------++-------
  Melee: Unarmed           |    94 |   180 |    51 ||   325
         Headbutt          |    10 |    29 |     7 ||    46
         Punch             |     5 |     5 |       ||    10
   Cast: Beastly Appendage |    22 |    24 |     7 ||    53
         Wereblood         |     5 |    19 |     4 ||    28
         Frozen Ramparts   |       |     1 |       ||     1
 Invoke: Curse Item        |       |     1 |       ||     1
  Evoke: Wand              |       |    11 |    12 ||    23
    Use: Scroll            |     6 |     6 |     4 ||    16
         Potion            |       |     5 |     3 ||     8
   Stab: Sleeping          |     1 |       |       ||     1
 Armour: Robe              |    25 |    27 |       ||    52
         Leather armour    |       |    13 |    11 ||    24
         Skin              |       |     7 |     4 ||    11
  Dodge: Dodged            |    39 |    77 |    34 ||   150
